 Dungeon Crawl Stone Soup version 0.23-a0-171-g5ae17c6 (webtiles) character file.

127 Inarius the Skirmisher (level 4, -8/37 HPs)
             Began as a Mummy Fighter on Sept 14, 2018.
             Killed by divine providence
             ... invoked by an orc priest
              (14 damage)
             ... on level 3 of the Dungeon.
             The game lasted 00:02:29 (1357 turns).

Inarius the Skirmisher (Mummy Fighter)              Turns: 1357, Time: 00:02:30

Health: -8/37      AC:  7    Str: 20    XL:     4   Next: 85%
Magic:  4/4        EV:  7    Int:  7    God:
Gold:   106        SH:  9    Dex: 11    Spells: 3/3 levels left

rFire    x . .     SeeInvis .   l - +1 short sword (vamp)
rCold    + . .     Gourm    .   c - +0 shield
rNeg     + + +     Faith    .   b - +0 scale mail
rPois    ∞         Spirit   .   (no helmet)
rElec    .         Reflect  .   (no cloak)
rCorr    .         Harm     .   (no gloves)
MR       .....                  k - +0 pair of boots
Stlth    ..........             d - amulet of the acrobat
HPRegen  0.12/turn              (no ring)
MPRegen  0.09/turn              (no ring)

@: no status effects
A: no food or potions, fire vulnerability, cold resistance 1, negative energy
resistance 3, torment resistance, unbreathing
a: no special abilities


You were on level 3 of the Dungeon.
You were not hungry.

You visited 1 branch of the dungeon, and saw 3 of its levels.

You collected 106 gold pieces.

Inventory:

Hand Weapons
 e - a +3 short sword
 l - a +1 vampiric short sword (weapon)
Missiles
 n - 6 tomahawks (quivered)
Armour
 b - a +0 scale mail (worn)
 c - a +0 shield (worn)
 k - a +0 pair of boots (worn)
Jewellery
 d - an amulet of the acrobat (around neck)
Scrolls
 a - a scroll of identify {unknown}
 f - a scroll of remove curse {unknown}
 g - a scroll of enchant armour {unknown}
 h - 3 scrolls of magic mapping {unknown}
 i - a scroll of blinking {unknown}
 j - a scroll of fear {unknown}
 m - a scroll of noise {unknown}


   Skills:
 * Level 4.0 Fighting
   Level 1.5 Long Blades
 + Level 3.0 Armour
 + Level 3.5 Shields


You had 3 spell levels left.
You didn't know any spells.
Your spell library was empty.

Dungeon Overview and Level Annotations

Branches:
Dungeon (3/15)

Altars:


Innate Abilities, Weirdness & Mutations

You do not eat or drink.
Your flesh is vulnerable to fire.
You are immune to poison.
Your flesh is cold resistant. (rC+)
You are immune to negative energy. (rN+++)
You are immune to unholy pain and torment.
You can survive without breathing.


Message History

You closely miss the orc priest.
The orc priest is moderately wounded.
The orc priest hits you but does no damage.
You block the orc's attack.
Your shield and scale mail prevent you from hitting the orc priest.
The orc priest is moderately wounded.
The orc priest calls down the wrath of Beogh upon you.
Beogh smites you!
* * * LOW HITPOINT WARNING * * *
The orc barely misses you.
You hit the orc priest.
The orc priest is severely wounded.
The orc priest hits you with a hand axe.
* * * LOW HITPOINT WARNING * * *
The orc barely misses you.
You completely miss the orc priest.
The orc priest is severely wounded.
The orc priest calls down the wrath of Beogh upon you.
Beogh smites you!
You die...

.....# #..........
.....# #............# ..
##########..........#...
#...................#..>
#......................
#)...................#
.)...................#
#..............woo.o#
..........######@#
..........# #(#
..........#### #.#
........<....# #.#
....#...####.# #.#
..#.#.### #.# #.#
..#...# #.###.# #######
#.....# #######


You could see a worm, an orc priest and 2 orcs.

Vanquished Creatures
  4 adders
  2 oozes
  3 worms
  3 dart slugs
  3 leopard geckos
  2 orcs (D:3)
  4 giant cockroaches
  11 goblins
  5 hobgoblins
  3 jackals (D:1)
  10 kobolds
  A ball python (D:1)
  4 bats
  3 frilled lizards (D:2)
  5 rats
63 creatures vanquished.

Notes
Turn   | Place    | Note
-------+----------+-------------------------------------------
     0 | D:1      | Inarius the Mummy Fighter began the quest for the Orb.
     0 | D:1      | Reached XP level 1. HP: 18/18 MP: 1/1
    86 | D:1      | Reached XP level 2. HP: 24/24 MP: 2/2
   414 | D:1      | Reached XP level 3. HP: 29/29 MP: 3/3
   859 | D:2      | Reached XP level 4. HP: 37/37 MP: 4/4
  1289 | D:3      | Reached skill level 4 in Fighting
  1357 | D:3      | Killed from afar by an orc priest

Vault maps used:
D:1:      dpeg_arrival_round_c
D:2:      minivault_25
D:3:      first_ration

Skill      XL: |  1  2  3  4 |
---------------+-------------+-----
Shields        | 3 |  3.5
Armour         | 3 |  3.0
Fighting       | 4 |  4.0
Long Blades    | |  1.5

Action                   |  1- 3 |  4- 6 || total
-------------------------+-------+-------++-------
Melee: Long sword        |    25 |       ||    25
       Short sword       |    94 |    91 ||   185
Armor: Scale mail        |    55 |    41 ||    96
Dodge: Dodged            |    37 |    31 ||    68
Block: Shield            |    62 |    33 ||    95
       Rpst.: Long sword |     2 |       ||     2

Table legend:
 A = Non-vault XP
 B = Vault XP
 C = Vault XP percentage of total XP
 D = Non-vault monster count
 E = Vault monster count
 F = Vault count percentage of total count
                 A         B        C        D         E       F
            +---------+---------+-------+---------+---------+-------
      Total |     182 |       0 |   0.0 |      63 |       0 |   0.0
            +---------+---------+-------+---------+---------+-------
        D:1 |      48 |       0 |   0.0 |      22 |       0 |   0.0
        D:2 |      70 |       0 |   0.0 |      25 |       0 |   0.0
        D:3 |      64 |       0 |   0.0 |      16 |       0 |   0.0
            +---------+---------+-------+---------+---------+-------
